 Dungeon Crawl Stone Soup version 0.30-a0-222-ge547ba4400 (webtiles) character file.

Game seed: 3496393642904408982

11617 MrRokkomies the Slicer (level 11, -4/105 HPs)
             Began as an Armataur Brigand on Oct 8, 2022.
             Was a High Priest of Uskayaw.
             Killed from afar by a hell hound (12 damage)
             ... with a blast of flame
             ... in a Gauntlet on Oct 9, 2022.
             The game lasted 00:40:04 (11392 turns).

MrRokkomies the Slicer (Armataur Brigand)          Turns: 11392, Time: 00:40:05

Health: -4/105     AC: 11    Str: 16    XL:     11   Next: 51%
Magic:  9/12       EV: 12    Int: 12    God:    Uskayaw [*****.]
Gold:   367        SH:  0    Dex: 16    Spells: 10/10 levels left

rFire   . . .      SeeInvis .    a - +3 dagger (venom)
rCold   . . .      Faith    .    (no shield)
rNeg    . . .      Spirit   .    r - +0 robe
rPois   +          Reflect  .    (no helmet)
rElec   .          Harm     .    c - +1 cloak
rCorr   .          Roll     +    x - +0 pair of gloves
Will    .....      NoTele   +    (no barding)
Stlth   ++++......               H - amulet "Beesesy" {RegenMP +Blink}
HPRegen 0.37/turn                f - +4 ring of protection
MPRegen 0.53/turn                A - ring of poison resistance

@: hasted (expiring), very quick
A: large, rugged brown scales 3, deformed body, armoured tail, roll, long
tongue, awkward tongue
a: Renounce Religion, Evoke Blink, Stomp, Line Pass, Grand Finale


You were in a Gauntlet.
You worshipped Uskayaw.
Uskayaw was noncommittal.
You visited 2 branches of the dungeon, and saw 12 of its levels.
You also visited: Gauntlet.

You collected 587 gold pieces.
You spent 220 gold pieces at shops.

Inventory:

Hand Weapons
 a - a +3 dagger of venom (weapon)
 b - a +2 dagger of protection
 k - a +4 short sword
Missiles
 d - 18 poisoned darts (quivered)
 e - 2 curare-tipped darts
 s - 11 boomerangs
 v - 3 silver boomerangs
Armour
 c - a +1 cloak (worn)
 r - a +0 robe (worn)
 x - a +0 pair of gloves (worn)
 E - a scarf of repulsion
Jewellery
 f - a +4 ring of protection (left hand)
 i - a +6 ring of strength
 m - a +6 ring of strength
 y - a ring of see invisible
 A - a ring of poison resistance (right hand)
 C - a ring of protection from cold
 D - an amulet of magic regeneration
 H - the amulet "Beesesy" (around neck) {RegenMP +Blink}
   (You found it in a Gauntlet)

   [amulet of magic regeneration]

   It increases your rate of magic regeneration.
   +Blink:    It lets you blink.
Wands
 G - a wand of charming (6)
Scrolls
 q - a scroll of enchant armour
 u - a scroll of magic mapping
 w - 2 scrolls of teleportation
 z - 2 scrolls of fear
Potions
 g - 2 potions of haste
 h - 3 potions of magic
 j - 2 potions of brilliance
 l - 2 potions of lignification
 n - 3 potions of flight
 o - a potion of resistance {unknown}
 t - 4 potions of attraction
 B - a potion of mutation {unknown}
Miscellaneous
 F - a lightning rod (4/4)


   Skills:
 - Level 10.0 Fighting
 - Level 10.0 Short Blades
 - Level 1.7 Throwing
 + Level 5.7 Dodging
 + Level 10.0 Stealth
 * Level 2.2 Invocations


You had 10 spell levels left.
You didn't know any spells.
Your spell library contained the following spells:

 Spells                   Type           Power      Damage    Failure   Level
 Magic Dart               Conj           0%         1d3       32%         1
 Sandblast                Erth           0%         2d4       32%         1
 Call Imp                 Summ           0%         N/A       45%         2
 Passwall                 Tmut/Erth      0%         N/A       45%         2
 Mephitic Cloud           Conj/Pois/Air  0%         N/A       69%         3
 Stone Arrow              Conj/Erth      0%         3d7       69%         3
 Animate Armour           Summ/Erth      0%         N/A       97%         4
 Summon Ice Beast         Ice/Summ       0%         N/A       97%         4
 Summon Mana Viper        Hex/Summ       0%         N/A       100%        5
 Monstrous Menagerie      Summ           0%         N/A       100%        7
 Lehudib's Crystal Spear  Conj/Erth      0%         10d2      100%        8


Dungeon Overview and Level Annotations

Branches:
Dungeon (11/15)            Temple (1/1) D:7            Lair (0/5) D:10
Gauntlet (1/1)
    Orc: D:9-12

Altars:
Ashenzari
Cheibriados
Dithmenos
Fedhas
Gozag
Kikubaaqudgha
Okawaru
Qazlal
Sif Muna
Trog
Uskayaw
Zin

Shops:
D:2 *   D:7 =

Annotations:
D:5 2 transporters, kthxbai's ghost, novice AtFi
D:9 3 runed translucent doors, Amaemon; Gastronok; philipeq's ghost, novice DsWr Gauntlet 9 transporters


Innate Abilities, Weirdness & Mutations

You are completely covered in rugged brown scales. (AC +3, +7% HP)
Armour fits poorly on your strangely shaped body.
You have a long armoured tail.
You roll when moving toward enemies. (Rampage)
Your long tongue fully drains potion bottles. (2x potion effects)
Your tongue gives you trouble enunciating. (1.5x scroll delay)


Message History

The fire bat is severely wounded.
The fire bat bites you.
You are engulfed in flames!
* * * LOW HITPOINT WARNING * * *
The hell hound bites you but does no damage.
You feel better.
You kill the fire bat!
The hell hound bites you!
* * * LOW HITPOINT WARNING * * *
The hell hound attacks as you move away!
The hell hound bites you.
* * * LOW HITPOINT WARNING * * *
The fire crab breathes flames at you.
The blast of flame engulfs you but does no damage.
You feel better.
You are engulfed in blazing flames.
The hell hound barely misses you.
You closely miss the hell hound.
Your tail-slap misses the hell hound.
You are engulfed in blazing flames.
You hit the fire crab.
The fire crab is poisoned.
The fire crab is lightly wounded.
You are engulfed in blazing flames.
* * * LOW HITPOINT WARNING * * *
The hell hound closely misses you.
You hit the fire crab but do no damage.
The fire crab looks even sicker.
You tail-slap the fire crab.
The fire crab is lightly wounded.
You are engulfed in blazing flames.
* * * LOW HITPOINT WARNING * * *
You stomp with the beat, sending a shockwave through the revellers around you!
The hell hound is moderately wounded.
The fire crab is moderately wounded.
You are engulfed in blazing flames.
* * * LOW HITPOINT WARNING * * *
Your extra speed is starting to run out.
The hell hound bites you.
* * * LOW HITPOINT WARNING * * *
The fire crab breathes flames at you. The blast of flame engulfs you.
* * * LOW HITPOINT WARNING * * *
The hell hound breathes flames at you. The blast of flame hits you!
You die...

..#.#..x#...#.###...#...≈#
.#...#..#...#..#....#...##
#.....#X#...#.sB©./.#...≈#
.![©.$.##...#########...##
#########.....#.©†#.....≈#
.#.©.#....8...#.8.#...8.##
.#...#........#.©.#......##
.#.©.#.....###########...≈#
########...#..h.@....#...##
.z....z#...#..t###...#...≈#
...z..z#...#....#....#...##
z#####z#...#.#.©#..#.#...≈#
z.z©zzz#.8.#.#######.#.8.##
z#####z#...#.#..#..#.#...≈#
zzz...z#...#....#....#...##
zzzz$/.#...#...#.#...#...≈#
########...#..=.©?(..#...##


You could see an entropy weaver, a fire crab (very poisoned), a hell hound
(catching breath) and a redback.

Vanquished Creatures
  A centaur warrior (D:9)
  A two-headed ogre (D:9)
  An oklob plant (D:10)
  A manticore (D:9)
  A kobold demonologist (D:11)
  A yaktaur (shapeshifter) (D:9)
  A jumping spider (Gauntlet)
  Sigmund (D:6)
  12 yaks
  3 wyverns (D:9)
  2 vampires (D:9)
  Grum (D:9)
  3 shadows
  5 fire bats (Gauntlet)
  A steam dragon (D:8)
  A vampire mosquito (D:10)
  A hell hound (Gauntlet)
  A water moccasin (D:9)
  A black bear (D:2)
  3 orc warriors
  6 ice beasts
  A sky beast (D:7)
  2 ogres
  2 wolves (D:9)
  2 centaurs (D:10)
  A kobold brigand (D:7)
  2 bullfrogs
  2 gnoll sergeants (D:8)
  9 scorpions
  4 necrophages
  3 jellies
  20 killer bees
  2 howler monkeys
  2 hounds
  5 orc priests
  6 iguanas
  10 orc wizards
  10 adders
  12 gnolls
  3 shadow imps
  3 white imps
  2 ufetubi (D:5)
  5 worms
  3 dart slugs
  25 orcs
  6 endoplasms
  8 goblins
  5 hobgoblins
  8 jackals
  2 quokkas (D:4)
  7 ball pythons
  5 bats
  2 frilled lizards (D:2)
  14 kobolds
  5 rats
246 creatures vanquished.

Vanquished Creatures (others)
  3 plants
3 creatures vanquished.

Grand Total: 249 creatures vanquished

Notes
Turn   | Place    | Note
-------+----------+-------------------------------------------
     0 | D:1      | MrRokkomies the Armataur Brigand began the quest for the
                  | Orb.
     0 | D:1      | Reached XP level 1. HP: 18/18 MP: 1/1
   279 | D:1      | Reached XP level 2. HP: 25/25 MP: 2/2
   468 | D:1      | Reached skill level 1 in Dodging
   749 | D:2      | Noticed a black bear
   775 | D:2      | Killed a black bear
   776 | D:2      | Reached XP level 3. HP: 18/32 MP: 3/3
   776 | D:2      | Reached XP level 4. HP: 22/39 MP: 4/4
   789 | D:2      | Reached XP level 5. HP: 20/48 MP: 5/5
   972 | D:2      | Found Basuonu's General Store.
   974 | D:2      | Reached skill level 5 in Stealth
  2265 | D:3      | Found a faded altar of an unknown god.
  2572 | D:3      | Reached XP level 6. HP: 54/54 MP: 6/6
  3282 | D:4      | Reached XP level 7. HP: 63/63 MP: 7/7
  3443 | D:5      | Entered Level 5 of the Dungeon
  3895 | D:5      | Reached skill level 5 in Short Blades
  3979 | D:5      | Reached skill level 5 in Fighting
  3983 | D:5      | Found an opulent altar of Gozag.
  4062 | D:5      | Reached XP level 8. HP: 72/72 MP: 8/8
  4094 | D:5      | Found a transporter.
  4094 | D:5      | Noticed kthxbai's ghost (novice AtFi)
  4095 | D:5      | Found a transporter.
  4351 | D:5      | Identified the +7 mace "Giantslayer" {venom, Will- Int+6}
  4488 | D:2      | Bought a ring of poison resistance for 220 gold pieces
  5343 | D:6      | Noticed Sigmund
  5436 | D:6      | Reached XP level 9. HP: 83/83 MP: 9/9
  5848 | D:6      | Killed Sigmund
  6296 | D:7      | Found Noruc's Jewellery Boutique.
  6391 | D:7      | Found a staircase to the Ecumenical Temple.
  6400 | Temple   | Entered the Ecumenical Temple
  6409 | Temple   | Became a worshipper of Uskayaw the Reveller
  6434 | D:7      | Reached * piety under Uskayaw
  6444 | D:7      | Reached ** piety under Uskayaw
  6526 | D:7      | Reached *** piety under Uskayaw
  6853 | D:7      | Reached **** piety under Uskayaw
  6854 | D:7      | Reached XP level 10. HP: 51/94 MP: 10/10
  6866 | D:7      | Reached ***** piety under Uskayaw
  7314 | D:8      | Found an ancient bone altar of Kikubaaqudgha.
  8021 | D:8      | Found a shimmering blue altar of Sif Muna.
  8633 | D:9      | Noticed Grum
  8732 | D:9      | Killed Grum
  9072 | D:9      | Noticed a manticore
  9078 | D:9      | Killed a manticore
  9079 | D:9      | Reached skill level 5 in Dodging
  9196 | D:9      | Found a runed translucent gate.
  9197 | D:9      | Found a runed translucent gate.
  9198 | D:9      | Found a runed translucent gate.
  9198 | D:9      | Noticed a nine-headed hydra
  9199 | D:9      | Noticed a nine-headed hydra
  9200 | D:9      | Noticed philipeq's ghost (novice DsWr)
  9536 | D:9      | Noticed a two-headed ogre
  9569 | D:9      | Killed a two-headed ogre
  9570 | D:9      | Reached XP level 11. HP: 67/103 MP: 11/11
  9706 | D:9      | Noticed a centaur warrior
  9708 | D:9      | Killed a centaur warrior
  9737 | D:9      | Noticed Amaemon
  9812 | D:9      | Noticed Gastronok
  9913 | D:10     | Entered Level 10 of the Dungeon
 10072 | D:10     | Noticed an oklob plant
 10104 | D:10     | Found a staircase to the Lair.
 10109 | D:10     | Killed an oklob plant
 10833 | D:10     | Reached skill level 1 in Invocations
 10976 | D:11     | Found a gate leading to a gauntlet.
 11007 | Gauntlet | Entered a Gauntlet
 11007 | Gauntlet | Found a transporter.
 11012 | Gauntlet | Noticed a large abomination
 11015 | Gauntlet | Noticed a large abomination
 11015 | Gauntlet | Noticed an entropy weaver
 11042 | Gauntlet | Found a transporter.
 11055 | Gauntlet | Found a transporter.
 11059 | Gauntlet | Found a transporter.
 11066 | Gauntlet | Noticed a fire crab
 11069 | Gauntlet | Found a transporter.
 11089 | Gauntlet | Found a transporter.
 11094 | Gauntlet | Found a transporter.
 11098 | Gauntlet | Found a transporter.
 11117 | Gauntlet | Found a transporter.
 11137 | Gauntlet | Found a transporter.
 11141 | Gauntlet | Found a transporter.
 11144 | Gauntlet | Noticed a blizzard demon
 11150 | Gauntlet | Found a transporter.
 11324 | Gauntlet | Identified the amulet "Beesesy" {RegenMP +Blink}
 11375 | Gauntlet | Reached skill level 10 in Short Blades
 11379 | Gauntlet | Reached skill level 10 in Fighting
 11379 | Gauntlet | Reached skill level 10 in Stealth
 11392 | Gauntlet | Killed from afar by a hell hound

Illustrated notes

Levels and vault maps discovered:
D:1:      dpeg_arrival_renting, layout_basic, minmay_fountain_box
D:2:      layout_basic, serial_shops, shop
D:3:      layout_basic, shapermc_ecumenical_altar_acropolis,
          grunt_decor_one_mirror
D:4:      layout_gridville
D:5:      layout_basic, nicolae_gozag_cash_rules_everything_around_me,
          gammafunk_ghost_mausoleum, minmay_increasing_density
D:6:      layout_rooms, minmay_bent, uniq_sigmund
D:7:      layout_loops_ring, minmay_temple_entry_large_hall, serial_shops, shop,
          minmay_diced_spiral
D:8:      layout_gridville, nicolae_overflow_hidden_temple,
          mainiacjoe_overflow_surrounded_room
D:9:      layout_cave_pods, gammafunk_ghost_hydra_chop, kb_rosetta, uniq_grum,
          uniq_gastronok, uniq_amaemon
D:10:     layout_roguey, dpeg_oklobed_lair, st_stairs_9
D:11:     layout_small_grid, david_orc_2, gauntlet_entry_generic
Temple:   hellmonk_temple_of_storms
Gauntlet: minmay_gauntlet_mixed_oops_all_seconds
          [minmay_gauntlet_arena_77_double_cross, nicolae_gauntlet_arena_x,
          minmay_gauntlet_arena_77_checkered, nicolae_gauntlet_arena_t_cross,
          minmay_gauntlet_arena_77_chump_sandwich,
          gammafunk_gauntlet_arena_chambers, gauntlet_exit_green]

Skill      XL: |  1  2  3  4  5  6  7  8  9 10 11 |
---------------+----------------------------------+-----
Fighting       | 2 3 4 5 6 7 9 10 | 10.0
Short Blades   | 2 3 4 5 6 7 9 10 | 10.0
Dodging        | 1 2 3 4 5 |  5.7
Stealth        | 5 6 7 8 9 10 | 10.0
Invocations    | 2 |  2.2
Throwing       | |  1.7

Action                   |  1- 3 |  4- 6 |  7- 9 | 10-12 || total
-------------------------+-------+-------+-------+-------++-------
Melee: Short sword       |    20 |       |       |       ||    20
       Dagger            |    46 |   189 |   399 |   434 ||  1068
       Tailslap          |     5 |    24 |    82 |    64 ||   175
       Punch             |       |     1 |     5 |     6 ||    12
Throw: Boomerang         |       |       |     9 |       ||     9
       Dart              |       |       |     5 |    12 ||    17
Invok: Stomp             |       |       |       |     1 ||     1
  Use: Scroll            |       |    10 |     8 |     3 ||    21
       Potion            |       |     1 |     2 |     7 ||    10
 Stab: Sleeping          |     3 |    11 |    12 |    17 ||    43
       Distracted        |       |     2 |     2 |       ||     4
       Paralysed         |       |       |     2 |    13 ||    15
Armor: Robe              |    48 |    58 |   118 |   145 ||   369
Dodge: Dodged            |    20 |    70 |   134 |   223 ||   447

Table legend: (Time is in decaauts)
 A = Elapsed time spent in this place.
 B = Non-inter-level travel time spent in this place.
 C = Inter-level travel time spent in this place.
 D = Time resting spent in this place.
 E = Time spent auto-exploring this place.
 F = Levels seen in this place.
 G = Mean time per level.
                   A        B        C        D        E       F      G
               +--------+--------+--------+--------+--------+-----+--------+
         Total |  10982 |  10554 |    428 |   1159 |   7339 |  13 |  844.8 |
       Dungeon |  10615 |  10196 |    419 |   1159 |   7170 |  11 |  965.0 |
        Temple |     18 |      9 |      9 |      0 |      2 |   1 |   18.0 |
      Gauntlet |    347 |    347 |      0 |      0 |    167 |   1 |  347.0 |
               +--------+--------+--------+--------+--------+-----+--------+

Top non-repeatable levels by time:
     D:9: 1443 daAuts
     D:5: 1334 daAuts
     D:6: 1182 daAuts
     D:2: 1133 daAuts
     D:8: 1065 daAuts
    D:10: 983 daAuts
     D:7: 968 daAuts
     D:3: 889 daAuts
     D:4: 856 daAuts
     D:1: 737 daAuts
Gauntlet: 347 daAuts
    D:11: 22 daAuts
  Temple: 18 daAuts
